 Dungeon Crawl Stone Soup version 0.27-a0-1105-g946c659c87 (webtiles) character file.

Game seed: 9869878644124516496

640 leroidelambiance the Skirmisher (level 7, 0/53 HPs)
             Began as a Djinni Delver on Apr 29, 2021.
             Was an Initiate of Makhleb.
             Slain by a killer bee zombie (1 damage)
             ... on level 6 of the Dungeon.
             The game lasted 00:17:17 (5761 turns).

leroidelambiance the Skirmisher (Djinni Delver)     Turns: 5761, Time: 00:17:17

Health: 0/53       AC:  5    Str: 11    XL:     7   Next: 51%
Gold:   129        EV: 13    Int: 26    God:    Makhleb [......] SH:  0 Dex: 14

rFire    + + .     SeeInvis .   j - +1 spear (venom)
rCold    x . .     Faith    .   (no shield)
rNeg     . . .     Spirit   .   b - +0 leather armour
rPois    ∞         Reflect  .   (no helmet)
rElec    .         Harm     .   r - +0 cloak
rCorr    .         Rampage  .   m - +0 pair of gloves
Will     .....                  (boots unavailable)
Stlth    ++........             (no amulet)
HPRegen  0.17/turn              l - +6 ring of intelligence
MPRegen  0.00/turn              k - +6 ring of intelligence

@: flying
A: fire resistance 2, cold vulnerability 1, float, innate caster, hp casting,
extra vitality 1
a: Renounce Religion


You were on level 6 of the Dungeon.
You worshipped Makhleb.
Makhleb was noncommittal.
You visited 1 branch of the dungeon, and saw 6 of its levels.
You also visited: Sewer.

You collected 129 gold pieces.

Inventory:

Hand Weapons
 a - a +0 falchion
 j - a +1 spear of venom (weapon)
Armour
 b - a +0 leather armour (worn)
 m - a +0 pair of gloves (worn)
 r - a +0 cloak (worn)
Magical Staves
 o - a staff of poison
Jewellery
 k - a +6 ring of intelligence (right hand)
 l - a +6 ring of intelligence (left hand)
 n - a ring of ice
Wands
 g - a wand of digging (3)
Scrolls
 c - 3 scrolls of fog
 e - 2 scrolls of fear
 i - a scroll of brand weapon {unknown}
 p - a scroll of vulnerability
 q - a scroll of immolation
 u - a scroll of identify
 v - 2 scrolls of teleportation {unknown}
 w - a scroll of noise {unknown}
 x - a scroll of summoning {unknown}
Potions
 d - a potion of flight
 f - a potion of haste
 h - a potion of magic {unknown}
 s - a potion of curing
 t - a potion of might {unknown}
 z - a potion of heal wounds {unknown}


   Skills:
 + Level 4.9 Fighting
 - Level 1.9 Long Blades
 + Level 2.9 Polearms
 + Level 0.1 Armour
 + Level 4.7 Dodging
 - Level 4.1 Stealth
 + Level 3.0 Spellcasting
 + Level 0.2 Invocations
 + Level 0.2 Evocations


You had 6 spell levels left.
You knew the following spells:

 Your Spells              Type           Power      Damage    Failure   Level
a - Magic Dart            Conj           76%        1d6       3%          1
b - Blink                 Tloc           N/A        N/A       5%          2
c - Conjure Flame         Conj/Fire      19%        6-21      11%         3
Your spell library was empty.

Dungeon Overview and Level Annotations

Branches:
Dungeon (6/15)             Temple (0/1) D:6           Sewer (visited)

Altars:
Makhleb
Okawaru
Wu Jian
Zin

Shops:
D:3 [

Annotations:
D:3 2 transporters, mandick's ghost, amateur OpEn


Innate Abilities, Weirdness & Mutations

You are immune to poison.
Your flesh is very heat resistant. (rF++)
You are vulnerable to cold. (rC-)
You float through the air rather than walking.
You learn spells naturally, not from books.
Your magical power is your life essence.
You have superior vitality. (+4 HP)


Message History

Confirm with . or Enter, or press ? or * to list all spells.
The fire begins to smolder!
The killer bee zombie hits you. x2
* * * LOW HITPOINT WARNING * * *
The killer bee zombie hits you but does no damage.
The killer bee zombie smothers the flame.
Casting: Conjure Flame (dangerous; 11% risk of failure)
Confirm with . or Enter, or press ? or * to list all spells.
Okay, then.
It was a potion of flight.
You feel more buoyant.
The killer bee zombie closely misses you.
The killer bee zombie hits you.
* * * LOW HITPOINT WARNING * * *
You hit the killer bee zombie.
The killer bee zombie is moderately damaged.
The killer bee zombie hits you.
* * * LOW HITPOINT WARNING * * *
It was a potion of curing.
You feel better. The killer bee zombie misses you.
The killer bee zombie hits you.
* * * LOW HITPOINT WARNING * * *
The killer bee zombie completely misses you.
The killer bee zombie hits you.
* * * LOW HITPOINT WARNING * * *
The killer bee zombie misses you.
The killer bee zombie barely misses you.
Your magical contamination has completely faded away.
The killer bee zombie hits you but does no damage.
The killer bee zombie hits you but does no damage.
The killer bee zombie hits you but does no damage.
The killer bee zombie misses you. The killer bee zombie hits you.
* * * LOW HITPOINT WARNING * * *
The killer bee zombie hits you.
* * * LOW HITPOINT WARNING * * *
The killer bee zombie hits you.
* * * LOW HITPOINT WARNING * * *
The killer bee zombie misses you.
There is a staircase to the Ecumenical Temple here.
The killer bee zombie misses you. The killer bee zombie hits you.
You die...

,*,**,********** **,*** * ,,,,,,*
##### *,* * **,**** ##...##
*,***** *,* ##..#..## *,,,,,, *,*
##...#...## ***#### **,******
##...###...## #...
,,,,,,,,*##...........### #.##
**,****,*#...#.....#....# #.#
**,* *,*#.###..@Z.###..######.##
**,** *,*#...#.....#.............
,,,,***,##............###.####.##
,,,,,*#.#..#...###...## #.# #...
*,,,,...........#...## #.# ####
**,**##.####.#..#..## #.###
,,,,,...* #.#.....# #...#
**,*###** #.#...#.# ###.# **+**
#.......# #.#


You could see a killer bee zombie.

Vanquished Creatures
  A water moccasin (D:6)
  A sky beast (D:5)
  A kobold brigand (Sewer)
  A hound (D:4)
  An orc priest (D:6)
  2 iguanas
  An orc wizard (D:3)
  A hound skeleton (D:4)
  8 adders
  3 river rats (Sewer)
  A white imp (D:5)
  An adder skeleton (D:4)
  2 worms (D:2)
  2 dart slugs
  12 orcs
  4 bats
  5 endoplasms
  3 giant cockroaches
  6 goblins
  11 hobgoblins
  5 jackals (D:3)
  2 quokkas
  11 ball pythons
  3 frilled lizards
  9 kobolds
  5 rats
102 creatures vanquished.

Notes
Turn   | Place    | Note
-------+----------+-------------------------------------------
     0 | D:5      | leroidelambiance the Djinni Delver began the quest for the
                  | Orb.
     0 | D:5      | Reached XP level 1. HP: 20/20 MP: 0/0
    19 | D:5      | Noticed an iguana
    20 | D:5      | Found an iron altar of Okawaru.
   181 | D:5      | Noticed an ice beast
   257 | D:4      | Noticed a hound
   266 | D:4      | Killed a hound
   267 | D:4      | Reached skill level 1 in Spellcasting
   267 | D:4      | Reached XP level 2. HP: 8/25 MP: 0/0
   267 | D:4      | Reached XP level 3. HP: 10/30 MP: 0/0
   267 | D:4      | Learned a level 1 spell: Magic Dart
   746 | D:3      | Found Kosek's Armour Emporium.
   927 | D:3      | Found a faded altar of an unknown god.
   973 | D:3      | Reached skill level 1 in Polearms
   973 | D:3      | Reached XP level 4. HP: 34/35 MP: 0/0
  1532 | D:2      | Reached XP level 5. HP: 26/41 MP: 0/0
  1532 | D:2      | Learned a level 2 spell: Blink
  3019 | D:3      | Found a transporter.
  3101 | D:3      | Found a transporter.
  3114 | D:3      | Noticed mandick's ghost (amateur OpEn)
  3858 | D:4      | Reached XP level 6. HP: 41/47 MP: 0/0
  4536 | D:5      | Noticed a sky beast
  4559 | D:5      | Killed a sky beast
  4771 | D:5      | Found a glowing silver altar of Zin.
  4773 | D:5      | Found a burning altar of Makhleb.
  4776 | D:5      | Found an ornate altar of the Wu Jian Council.
  4797 | D:5      | Became a worshipper of Makhleb the Destroyer
  4865 | D:6      | Noticed a water moccasin
  4895 | D:6      | Killed a water moccasin
  4896 | D:6      | Reached XP level 7. HP: 14/53 MP: 0/0
  4896 | D:6      | Learned a level 3 spell: Conjure Flame
  4909 | D:6      | Found a glowing drain.
  5155 | Sewer    | Entered a sewer
  5446 | Sewer    | Found a glowing silver altar of Zin.
  5671 | D:6      | Found a staircase to the Ecumenical Temple.
  5759 | D:6      | HP: 1/53 [killer bee zombie (5)]
  5761 | D:6      | Slain by a killer bee zombie

Illustrated notes

Levels and vault maps discovered:
D:1:      minmay_arrival_jagged, layout_basic, solitary_fountain
D:2:      layout_rooms
D:3:      layout_basic, gammafunk_ghost_stat_death, serial_shops, shop,
          chequers_ecumenical_altar_island, minmay_misc_feat_iff
D:4:      layout_rooms, grunt_ministairs_2
D:5:      layout_rooms, minitemple, amcnicky_altar_gilded,
          general_overflow_altar, uniq_eustachio, uniq_edmund
D:6:      layout_loops_corners, nzn_overflow_gifts_of_might_and_magic,
          minmay_temple_entry_tees, portal_sewer_entry_d, serial_shops, shop,
          gammafunk_ghost_abyssal_escape, uniq_grinder

Skill      XL: |  1  2  3  4  5  6  7 |
---------------+----------------------+-----
Spellcasting   | 1 2 3 |  3.0
Polearms       | 1 2 |  2.9
Dodging        | 3 4 |  4.7
Fighting       | 4 |  4.9
Long Blades    | |  1.9
Armour         | |  0.1
Stealth        | |  4.1
Invocations    | |  0.2
Evocations     | |  0.2

Action                   |  1- 3 |  4- 6 |  7- 9 || total
-------------------------+-------+-------+-------++-------
Melee: Falchion          |     7 |       |       ||     7
       Spear             |    44 |   220 |    63 ||   327
 Cast: Magic Dart        |     1 |    24 |     5 ||    30
       Conjure Flame     |       |       |     3 ||     3
  Use: Scroll            |       |     3 |       ||     3
       Potion            |       |       |     2 ||     2
 Stab: Sleeping          |     1 |    15 |       ||    16
       Distracted        |       |     1 |       ||     1
Armor: Leather armour    |     3 |    43 |    12 ||    58
Dodge: Dodged            |    29 |   106 |    48 ||   183
       Rpst.: Falchion   |     2 |       |       ||     2

Table legend: (Time is in decaauts)
 A = Elapsed time spent in this place.
 B = Non-inter-level travel time spent in this place.
 C = Inter-level travel time spent in this place.
 D = Time resting spent in this place.
 E = Time spent auto-exploring this place.
 F = Levels seen in this place.
 G = Mean time per level.
                   A        B        C        D        E       F      G
               +--------+--------+--------+--------+--------+-----+--------+
         Total |   5768 |   5683 |     85 |      0 |   4139 |   7 |  824.0 |
       Dungeon |   5429 |   5344 |     85 |      0 |   3900 |   6 |  904.8 |
         Sewer |    339 |    339 |      0 |      0 |    239 |   1 |  339.0 |
               +--------+--------+--------+--------+--------+-----+--------+

Top non-repeatable levels by time:
     D:4: 1616 daAuts
     D:3: 1132 daAuts
     D:1: 997 daAuts
     D:2: 661 daAuts
     D:6: 582 daAuts
     D:5: 439 daAuts
   Sewer: 339 daAuts
